Map: New Repugnancy LE

Players

blitzkrieg - Winner!

  • Race: Protoss Protoss
  • League: Master
  • Spawn Location: 7:00

GreenCloud

  • Race: Zerg Zerg
  • League: Master
  • Spawn Location: 1:00

VOD

Have the link to the VOD?

Description

Time

  • Played on: May 18, 2019, 12:53 p.m.
  • Length: 6:14
Show
View Real Time Build Order
Export as new Build Order

blitzkrieg Protoss - Winner!

Build Orders: Cannon Rush 

Get SALT Encoding   

  12  0:01  Probe  
  13  0:13  Probe  
  14  0:18  Pylon  
  14  0:25  Probe  
  15  0:37  Probe  
  15  0:40  Forge  
  16  1:01  Pylon  
  16  1:02  Pylon  
  16  1:06  Pylon  
  16  1:21  Photon Cannon  
  16  1:23  Pylon  
  16  1:26  Pylon  
  16  1:47  Photon Cannon  
  16  1:52  Gateway  
  16  1:59  Probe, Photon Cannon  
  17  2:06  Assimilator  
  17  2:11  Probe  
  18  2:23  Probe  
  19  2:35  Probe  
  20  2:45  Cybernetics Core  
  20  2:47  Probe  
  20  2:48  Gateway  
  21  2:59  Probe  
  22  3:15  Stalker  
  22  3:16  Photon Cannon  
  22  3:24  Shield Battery  
  22  3:26  Stalker  
  24  3:36  Shield Battery  
  26  3:44  Stalker  
  26  3:45  Pylon  
  28  3:55  Stalker  
  30  4:09  Photon Cannon  
  30  4:17  Stalker  
  31  4:29  Stalker  
  33  4:43  Shield Battery  
  33  4:46  Stalker  
  35  5:03  Shield Battery  
  35  5:04  Pylon  
  35  5:12  Shield Battery  
  35  5:14  Photon Cannon  
  35  5:15  Stalker  
  37  5:35  Stalker  
  39  5:53  Shield Battery  
  39  5:56  Photon Cannon  
  39  5:58  Shield Battery  
Show
View Real Time Build Order
Export as new Build Order

GreenCloud Zerg 

Build Orders: Hatch First, Ravager All-In 

Get SALT Encoding   

  12  0:01  Drone  
  13  0:12  Overlord  
  13  0:16  Drone  
  14  0:31  Drone x2  
  16  0:49  Hatchery  
  15  0:52  Drone  
  15  0:56  Drone  
  17  1:00  Drone  
  18  1:10  Extractor  
  17  1:20  Spawning Pool  
  16  1:33  Drone  
  16  1:34  Drone x2  
  19  1:57  Extractor  
  19  2:00  Overlord  
  19  2:01  Overlord  
  18  2:08  Queen  
  18  2:09  Spine Crawler  
  19  2:16  Roach Warren  
  18  2:39  Hatchery  
  18  2:43  Spine Crawler  
  17  2:56  Roach  
  19  2:59  Roach  
  21  3:06  Roach  
  21  3:11  Drone  
  24  3:17  Ravager  
  26  3:20  Ravager  
  26  3:26  Ravager  
  27  3:41  Roach x2  
  27  3:42  Roach  
  33  3:52  Queen  
  35  3:58  Roach  
  34  4:05  Ravager  
  35  4:12  Ravager  
  37  4:17  Roach x2  
  35  4:37  Ravager  
  33  4:42  Ravager  
  33  4:43  Roach x2  
  38  4:58  Ravager  
  39  5:12  Roach x2  
  39  5:33  Ravager  
  39  5:34  Roach  
Tags
 
Add a new tag
Caveats
  • Supply blocks, unpowered buildings, or Contaminate may cause inaccurate times.
  • Supply counts are checked every 10 seconds.